 Dungeon Crawl Stone Soup version 0.31.0-11-ge490571c62 (webtiles) character file.

Game seed: 1120399677664606057

29935 hikkokomori the Thaumaturge (level 13, 0/76 (80) HPs)
             Began as a Deep Elf Conjurer on Feb 3, 2024.
             Was an Elder of Vehumet.
             Killed from afar by an orc sorcerer (25 damage)
             ... with a bolt of negative energy
             ... led by an orc knight
             ... on level 1 of the Orcish Mines.
             The game lasted 00:45:54 (18138 turns).

hikkokomori the Thaumaturge (Deep Elf Conjurer)    Turns: 18138, Time: 00:45:55

HP:   0/76 (80)     AC: 14    Str:  4    XL:     13   Next: 17%
MP:   23/32         EV: 13    Int: 29    God:    Vehumet [****..]
Gold: 798           SH:  5    Dex: 13    Spells: 7/38 levels left

rFire   + . .        B - +3 dagger (venom)
rCold   . . .        f - +0 buckler
rNeg    . . .        H - +2 robe {rF+}
rPois   +            p - +2 helmet
rElec   .            y - +0 cloak
rCorr   .            l - +0 pair of gloves
SInv    .            m - +0 pair of boots
Will    +....        (no amulet)
Stlth   +++          a - +4 ring of protection
HPRegen 0.32/turn    M - ring of poison resistance
MPRegen 0.23/turn

%: no passive effects
@: drained
A: no striking features
a: Renounce Religion


You were on level 1 of the Orcish Mines.
You worshipped Vehumet.
Vehumet was greatly pleased with you.
You visited 4 branches of the dungeon, and saw 16 of its levels.

You collected 798 gold pieces.

Inventory:

Hand Weapons
 B - a +3 dagger of venom (weapon)
 C - a +1 flail of protection
 N - a +4 short sword of draining
 P - a +3 glaive
 T - a -1 demon whip of venom
 U - a +4 heavy glaive
Missiles
 z - 18 poisoned darts
 D - 4 throwing nets
 J - 8 javelins
Armour
 f - a +0 buckler (worn)
 j - a +1 scale mail of fire resistance
 l - a +0 pair of gloves (worn)
 m - a +0 pair of boots (worn)
 p - a +2 helmet (worn)
 y - a +0 cloak (worn)
 H - a +2 robe of fire resistance (worn)
 K - a scarf of resistance
 L - a +2 robe of cold resistance
Jewellery
 a - a +4 ring of protection (left hand)
 k - an amulet of guardian spirit
 M - a ring of poison resistance (right hand)
 O - a ring of wizardry
 R - a +4 ring of slaying
Wands
 n - a wand of flame (14)
 u - a wand of charming (20)
 w - a wand of polymorph (4)
 x - a wand of mindburst (5)
 E - a wand of light (5)
Scrolls
 g - a scroll of torment
 i - 2 scrolls of enchant armour
 o - 5 scrolls of teleportation
 q - 2 scrolls of fog
 s - 2 scrolls of noise
 t - 5 scrolls of poison
 v - a scroll of brand weapon
 G - 4 scrolls of enchant weapon
 Q - a scroll of immolation
 S - a scroll of blinking
 V - a scroll of revelation
 W - 2 scrolls of identify
Potions
 b - 2 potions of magic
 c - 3 potions of curing
 d - 2 potions of ambrosia
 e - 2 potions of degeneration
 h - a potion of mutation
 r - 2 potions of brilliance
 A - a potion of resistance
 F - 3 potions of lignification
 I - 3 potions of attraction


   Skills:
 - Level 9.0 Fighting
 - Level 4.0 Throwing
 + Level 5.7 Dodging
 + Level 6.9 Stealth
 - Level 5.0 Shields
 + Level 13.3 Spellcasting
 - Level 7.0 Conjurations
 - Level 6.2 Necromancy
 - Level 6.0 Air Magic
 - Level 9.1 Earth Magic
 - Level 4.8 Alchemy
 - Level 5.4 Evocations


You had 7 spell levels left.
You knew the following spells:

 Your Spells              Type           Power      Damage    Failure   Level
a - Magic Dart            Conj           100%       1d8       1%          1
b - Searing Ray           Conj           100%       2d8       1%          2
c - Stone Arrow           Conj/Erth      100%       3d13      1%          3
d - Brom's Barrelling Bo  Conj/Erth      60%        2d8       1%          4
e - Fulminant Prism       Conj/Alch      26%        3d14      1%          4
f - Passwall              Erth           64%        N/A       1%          3
g - Animate Dead          Necr           53%        N/A       3%          4
h - Borgnjor's Vile Clut  Necr/Erth      29%        N/A       5%          5
i - Arcjolt               Conj/Air       27%        1d37      2%          5

Your spell library contained the following spells:

 Spells                   Type           Power      Damage    Failure   Level
 Plasma Beam              Fire/Air       18%        2x1d29    45%         6
 Necrotise                Necr           100%       1d9       1%          1
 Sandblast                Erth           100%       2d20      1%          1
 Shock                    Conj/Air       100%       1d9       1%          1
 Sting                    Conj/Alch      100%       1d9       1%          1
 Cigotuvi's Dreadful Rot  Necr/Alch/Air  100%       N/A       1%          2
 Momentum Strike          Conj/Tloc      78%        3d10      1%          2
 Swiftness                Air            53%        N/A       1%          3
 Vampiric Draining        Necr           53%        2d9       1%          3
 Airstrike                Air            26%        2d(4-20)  1%          4
 Leda's Liquefaction      Alch/Erth      28%        N/A       2%          4
 Petrify                  Alch/Erth      56%        N/A       2%          4
 Dispel Undead            Necr           53%        3d19      3%          4
 Iskenderun's Mystic Bla  Conj/Tloc      39%        2d9       3%          4
 Apportation              Tloc           38%        N/A       4%          1
 Summon Small Mammal      Summ           76%        N/A       4%          1
 Frozen Ramparts          Ice            38%        1d6       4%          3
 Inner Flame              Hex/Fire       19%        N/A       4%          3
 Blink                    Tloc           38%        N/A       7%          2
 Ensorcelled Hibernation  Hex/Ice        38%        N/A       7%          2
 Lesser Beckoning         Tloc           38%        N/A       7%          2
 Curse of Agony           Necr           53%        N/A       10%         5
 Martyr's Knell           Necr/Summ      37%        N/A       13%         4
 Gell's Gravitas          Tloc           19%        N/A       14%         3
 Teleport Other           Tloc           19%        N/A       14%         3
 Death Channel            Necr           26%        N/A       50%         6
 Metabolic Englaciation   Hex/Ice        9%         N/A       78%         5
 Dispersal                Tloc           9%         N/A       100%        6
 Infestation              Necr           26%        N/A       100%        8


Dungeon Overview and Level Annotations

Branches:
Dungeon (11/15)            Temple (1/1) D:4            Lair (3/5) D:10
    Orc (1/2) D:11
  Swamp: Lair:2-3    Shoals: Lair:2-3     Snake: Lair:2-3    Spider: Lair:2-3

Altars:
Ashenzari
Cheibriados
Dithmenos
Elyvilon
Fedhas
Gozag
Hepliaklqana
Kikubaaqudgha
Makhleb
Nemelex Xobeh
Okawaru
Qazlal
Ru
Sif Muna
Trog
Uskayaw
Vehumet
Wu Jian
Xom
Yredelemnul
Zin
The Shining One


Message History

The orc sorcerer is severely wounded.
The zombie hands constrict the orc sorcerer, but do no damage.
The orc sorcerer hits you with a +0 dagger.
The stone arrow hits the orc sorcerer!
You kill the orc sorcerer!
Vehumet accepts your kill.
You feel your power returning.
Your life force feels restored.
You can't see any susceptible monsters within range! (Use Z to cast anyway.)
You start resting.
Magic restored.
You start resting.
HP restored.
You climb downwards.
Welcome back to the Orcish Mines!
The kobold blastminer wields a +0 arbalest.
The kobold blastminer shoots a bolt.
The bolt hits you.
The orc sorcerer mumbles some strange words.
There is a staircase back to the Dungeon, spattered with blood here.
Unknown command.
Unknown command.
The stone arrow hits the kobold blastminer!!
The kobold blastminer is heavily wounded.
The kobold blastminer blasts its cannon at you.
The iron shot hits you!
You hear a shout!
Unknown command.
The stone arrow hits the kobold blastminer!
The kobold blastminer is almost dead.
Unknown command.
The stone arrow misses the rust devil.
The kobold blastminer blasts its cannon at you.
The iron shot hits you!!!
* * * LOW HITPOINT WARNING * * *
Unknown command.
Casting: Stone Arrow (safe; 1% risk of failure)
Confirm with . or Enter, or press ? or * to list all spells.
Okay, then.
The orc sorcerer points at you and mumbles some strange words.
The bolt of negative energy hits you!!
You feel drained.
You die...

#.....# .......
.....#.#.......
..............#
...............
.........[.....
...$..........#
...o..........$
...[.4.@>....#
...............
K..K...........
.......##......
......$ #.o...
....... .....
....... ....
##..... #...


You could see a rust devil (summoned), 2 kobold blastminers, an orc sorcerer and
an orc warrior.

Vanquished Creatures
  Snorg (D:11)
  Josephine (Orc:1)
  A catoblepas (Lair:2)
  2 two-headed ogres
  A death yak (D:10)
  Urug (D:11)
  3 skysharks (Lair:2)
  A fire crab (D:10)
  Amaemon (D:11)
  An orc knight (D:11)
  Pikel (D:6)
  A necromancer (D:11)
  2 orc sorcerers
  A manticore (D:11)
  A black mamba (Lair:1)
  7 cane toads
  4 elephants
  A torpor snail (Lair:1)
  6 komodo dragons
  An orange demon (D:11)
  A polar bear (Lair:1)
  4 trolls
  5 blink frogs (Lair:1)
  Sigmund (D:2)
  5 wraiths (D:11)
  6 wyverns
  3 fire bats (Lair:2)
  Eustachio (D:4)
  23 yaks
  2 basilisks (D:10)
  2 wargs (D:11)
  Menkaure (D:5)
  2 acid dragons
  4 water moccasins
  Duvessa (D:5)
  4 orc warriors
  4 black bears
  A sky beast (D:8)
  3 ogres
  10 wolves (Lair:2)
  9 centaurs
  A phantom (D:5)
  3 lemures (D:6)
  10 bullfrogs
  A kobold brigand (D:7)
  Blork the orc (D:4)
  2 scorpions (D:6)
  Dowan (D:6)
  4 wights (D:8)
  10 killer bees
  An electric eel (D:9)
  3 bombardier beetles
  2 hounds (D:6)
  14 orc priests
  3 jellies
  A sleepcap (D:6)
  Jessica (D:2)
  Ijyb (D:4)
  An iguana (D:7)
  17 orc wizards
  Terence (D:2)
  5 hell rats (Lair:1)
  Robin (D:2)
  11 gnolls
  3 adders (D:2)
  2 shadow imps (D:7)
  2 white imps
  4 ufetubi
  2 dart slugs
  4 ribbon worms
  69 orcs
  7 ball pythons
  6 bats
  2 endoplasms
  3 giant cockroaches
  9 hobgoblins
  8 jackals
  10 kobolds
  3 quokkas
  A frilled lizard (D:1)
  14 goblins
  3 rats
  A boulder (Lair:1)
378 creatures vanquished.

Vanquished Creatures (collateral kills)
  An orc priest (D:11)
  6 boulders
7 creatures vanquished.

Vanquished Creatures (others)
  10 boulders
  40 fulminant prisms
50 creatures vanquished.

Grand Total: 435 creatures vanquished

Notes
Turn   | Place    | Note
-------+----------+-------------------------------------------
     0 | D:1      | hikkokomori the Deep Elf Conjurer began the quest for the
                  | Orb.
     0 | D:1      | Reached XP level 1. HP: 10/10 MP: 6/6
   283 | D:1      | Reached XP level 2. HP: 15/15 MP: 5/8
   288 | D:1      | Reached skill level 1 in Shields
   291 | D:1      | Learned a level 2 spell: Searing Ray
   989 | D:1      | Reached XP level 3. HP: 19/19 MP: 6/9
  1258 | D:1      | Learned a level 3 spell: Stone Arrow
  1322 | D:2      | Noticed Jessica
  1325 | D:2      | Killed Jessica
  1396 | D:2      | Reached XP level 4. HP: 24/24 MP: 7/11
  1451 | D:2      | Reached skill level 1 in Earth Magic
  1661 | D:2      | Noticed Sigmund
  1663 | D:2      | Killed Sigmund
  1664 | D:2      | Reached skill level 4 in Spellcasting
  1664 | D:2      | Reached skill level 5 in Conjurations
  1664 | D:2      | Reached XP level 5. HP: 28/28 MP: 5/13
  1672 | D:2      | Learned a level 4 spell: Brom's Barrelling Boulder
  1812 | D:2      | Reached XP level 6. HP: 32/32 MP: 10/14
  2078 | D:2      | Noticed Robin
  2092 | D:2      | Killed Robin
  2242 | D:2      | Learned a level 4 spell: Fulminant Prism
  2331 | D:2      | Noticed Terence
  2346 | D:2      | Killed Terence
  2515 | D:3      | Reached skill level 5 in Spellcasting
  2974 | D:3      | Reached skill level 1 in Alchemy
  3407 | D:4      | Reached XP level 7. HP: 36/36 MP: 10/16
  3657 | D:4      | Found a staircase to the Ecumenical Temple.
  3670 | Temple   | Entered the Ecumenical Temple
  3713 | Temple   | Became a worshipper of Vehumet
  3852 | D:4      | Noticed Blork the orc
  3855 | D:4      | Killed Blork the orc
  3941 | D:4      | Found an iron altar of Okawaru.
  3948 | D:4      | Found a bloodstained altar of Trog.
  4060 | D:4      | Learned a level 3 spell: Passwall
  4061 | D:4      | Noticed Ijyb
  4072 | D:4      | Killed Ijyb
  4073 | D:4      | Reached skill level 6 in Spellcasting
  4250 | D:4      | Noticed Eustachio
  4257 | D:4      | Killed Eustachio
  4376 | D:4      | Found a sacrificial altar of Ru.
  4382 | D:5      | Entered Level 5 of the Dungeon
  4385 | D:5      | Noticed Menkaure
  4393 | D:5      | Killed Menkaure
  4394 | D:5      | Reached XP level 8. HP: 41/41 MP: 11/19
  4890 | D:5      | Found a shadowy altar of Dithmenos.
  4946 | D:5      | Got the Octavo of the Catacomb and the Jinx
  5002 | D:5      | Found a hide-covered altar of Uskayaw.
  5069 | D:5      | Found a burning altar of Makhleb.
  5069 | D:5      | Noticed a cacodemon
  5406 | D:5      | Found a snail-covered altar of Cheibriados.
  5505 | D:6      | Reached * piety under Vehumet
  5505 | D:6      | Offered knowledge of Kiss of Death by Vehumet.
  5650 | D:6      | Reached skill level 1 in Fighting
  6019 | D:6      | Reached skill level 5 in Shields
  6045 | D:6      | Noticed Dowan
  6046 | D:6      | Noticed Duvessa
  6052 | D:6      | Killed Dowan
  6071 | D:5      | Killed Duvessa
  6072 | D:5      | Reached skill level 5 in Earth Magic
  6072 | D:5      | Reached XP level 9. HP: 12/49 MP: 1/21
  6247 | D:6      | Reached skill level 1 in Evocations
  6564 | D:6      | Noticed Pikel
  6573 | D:6      | Killed Pikel
  6872 | D:7      | Offered knowledge of Scorch by Vehumet.
  6875 | D:7      | Reached ** piety under Vehumet
  8036 | D:7      | Got Vitycrus's Collected Works on Scree and Abhorrent
                  | Spells
  8130 | D:7      | Learned a level 4 spell: Animate Dead
  8340 | D:8      | Offered knowledge of Frozen Ramparts by Vehumet.
  8351 | D:7      | Reached skill level 1 in Necromancy
  8355 | D:8      | Reached skill level 7 in Spellcasting
  8635 | D:8      | Reached *** piety under Vehumet
  8641 | D:8      | Reached XP level 10. HP: 58/58 MP: 4/22
  9442 | D:9      | Reached skill level 5 in Fighting
  9542 | D:9      | Found a sparkling altar of Nemelex Xobeh.
 10083 | D:9      | Reached skill level 8 in Spellcasting
 10118 | D:9      | Noticed a two-headed ogre
 10123 | D:9      | Killed a two-headed ogre
 10569 | D:10     | Entered Level 10 of the Dungeon
 10592 | D:9      | Reached skill level 1 in Throwing
 10592 | D:9      | Reached skill level 5 in Necromancy
 10682 | D:10     | Reached skill level 9 in Spellcasting
 10687 | D:10     | Offered knowledge of Airstrike by Vehumet.
 10836 | D:10     | Noticed a two-headed ogre
 10840 | D:10     | Killed a two-headed ogre
 10854 | D:10     | Reached XP level 11. HP: 51/66 MP: 8/26
 10865 | D:10     | Reached skill level 10 in Spellcasting
 11393 | D:10     | Noticed a death yak
 11418 | D:10     | Learned a level 5 spell: Borgnjor's Vile Clutch
 11450 | D:10     | Killed a death yak
 11637 | D:10     | Found a runed translucent door.
 11711 | D:10     | Found a staircase to the Lair.
 12026 | D:10     | Noticed a fire crab
 12036 | D:10     | Killed a fire crab
 12140 | D:10     | Noticed a fire crab
 12400 | Lair:1   | Entered Level 1 of the Lair of Beasts
 12404 | Lair:1   | Reached skill level 5 in Evocations
 12462 | Lair:1   | Reached **** piety under Vehumet
 12733 | Lair:1   | Offered knowledge of Arcjolt by Vehumet.
 12884 | Lair:1   | Reached skill level 11 in Spellcasting
 13213 | Lair:1   | Reached skill level 12 in Spellcasting
 13220 | Lair:1   | Reached XP level 12. HP: 25/72 MP: 5/30
 13959 | Lair:2   | Learned a level 5 spell: Arcjolt
 14039 | Lair:2   | Reached skill level 1 in Air Magic
 14341 | Lair:2   | Noticed a catoblepas
 14353 | Lair:2   | Killed a catoblepas
 14908 | Lair:2   | Reached skill level 5 in Air Magic
 15951 | D:11     | Found a staircase to the Orcish Mines.
 15965 | D:11     | Reached ***** piety under Vehumet
 15986 | D:11     | Offered knowledge of Plasma Beam by Vehumet.
 16300 | D:11     | Noticed Snorg
 16307 | D:11     | Killed Snorg
 16308 | D:11     | Reached skill level 5 in Stealth
 17053 | D:11     | Noticed Amaemon
 17054 | D:11     | Noticed Urug
 17085 | D:11     | Killed Amaemon
 17092 | D:11     | Killed Urug
 17100 | D:11     | Reached XP level 13. HP: 43/80 MP: 21/31
 17386 | Orc:1    | Entered Level 1 of the Orcish Mines
 17386 | Orc:1    | Noticed Josephine
 17399 | D:11     | Reached skill level 13 in Spellcasting
 17525 | D:11     | Reached skill level 5 in Dodging
 17612 | Orc:1    | Killed Josephine
 18032 | Orc:1    | Paralysed by an orc sorcerer for 5 turns
 18138 | Orc:1    | Killed from afar by an orc sorcerer

Illustrated notes

Levels and vault maps discovered:
D:1:      onia_arrival_mini_spirals, layout_loops_corners, st_stairs_9,
          minmay_tiny_reverse_x
D:2:      layout_basic, uniq_terence, uniq_robin, uniq_sigmund, uniq_jessica
D:3:      layout_loops_ring
D:4:      layout_basic, mainiacjoe_overflow_alcove_1,
          grunt_temple_overflow_open, minmay_temple_entry_statues_pillars,
          minmay_a_box_with_orc_wizards_in_it, uniq_ijyb, uniq_eustachio,
          uniq_blork_the_orc
D:5:      layout_loops_ring, overflow_temple_1_default,
          lemuel_coloured_pillars_altar, makhleb_altar_promises_db,
          mainiacjoe_overflow_catwalk, uniq_menkaure
D:6:      layout_rooms, uniq_pikel, uniq_duvessa
D:7:      layout_basic, patterned_corridor
D:8:      layout_loops_corners
D:9:      layout_stronghold, mainiacjoe_overflow_alcove_2, serial_bayou,
          serial_bayou_pond_c, serial_bayou_pond_b, serial_bayou_pond_e,
          serial_bayou_shore_b, mrwooster_statue_mirror,
          dreamdust_mushroom_princess, grunt_ogre_cave
D:10:     gammafunk_mikee_crab_dinner, layout_grid_maze, david_lair_generic,
          st_stairs_11
D:11:     layout_rooms, hiddenorc2_lemuel, minmay_librarian, uniq_snorg,
          uniq_amaemon, uniq_urug
Temple:   nicolae_temple_great_sept
Lair:1:   layout_regular_city, grunt_megastairs_3, lemuel_fruit_tree
Lair:2:   layout_long_grid, nicolae_volcano_entry_batcave
Lair:3:   layout_small_grid, elwin_shoals_entry_stream,
          minmay_snake_entry_six_corridors
Orc:1:    layout_caves, uniq_nergalle, uniq_josephine, uniq_harold

Skill      XL: |  1  2  3  4  5  6  7  8  9 10 11 12 13 |
---------------+----------------------------------------+-----
Shields        | 1 2 3 4 5 |  5.0
Earth Magic    | 2 3 5 6 9 |  9.1
Spellcasting   | 4 5 6 7 9 12 13 | 13.3
Conjurations   | 5 6 7 |  7.0
Alchemy        | 1 3 4 |  4.8
Fighting       | 2 4 6 7 9 |  9.0
Evocations     | 4 5 |  5.4
Stealth        | 4 6 |  6.9
Necromancy     | 2 5 6 |  6.2
Throwing       | 3 4 |  4.0
Air Magic      | 6 |  6.0
Dodging        | 4 5 |  5.7

Action                     |  1- 3 |  4- 6 |  7- 9 | 10-12 | 13-15 || total
---------------------------+-------+-------+-------+-------+-------++-------
  Melee: Unarmed           |       |     3 |       |       |       ||     3
         Long sword        |       |    11 |       |       |       ||    11
         Dagger            |       |     4 |    93 |    73 |       ||   170
         Short sword       |       |       |       |    15 |       ||    15
  Throw: Dart              |       |       |     1 |     1 |       ||     2
   Cast: Magic Dart        |    51 |   103 |    42 |     3 |       ||   199
         Searing Ray       |     1 |     6 |       |       |       ||     7
         Stone Arrow       |       |     8 |   103 |   239 |    37 ||   387
         Fulminant Prism   |       |       |     9 |    30 |     1 ||    40
         Brom's Barrelling |       |       |     1 |    17 |     1 ||    19
         Borgnjor's Vile C |       |       |       |     6 |     6 ||    12
         Arcjolt           |       |       |       |       |     1 ||     1
  Evoke: Wand              |       |       |     5 |     5 |       ||    10
    Use: Scroll            |       |       |     9 |    16 |       ||    25
         Potion            |       |       |       |     1 |       ||     1
   Stab: Sleeping          |       |       |     1 |       |       ||     1
         Distracted        |       |       |       |     3 |       ||     3
 Armour: Robe              |     3 |    18 |    84 |   178 |    50 ||   333
  Dodge: Dodged            |     9 |    24 |    53 |   122 |    31 ||   239
  Block: Buckler           |     1 |     5 |    18 |    57 |    10 ||    91
